 Dungeon Crawl Stone Soup version 0.31.0-11-ge490571c62 (webtiles) character file.

Game seed: 8218832878034618079

125 qw the Shooter (level 4, -2/23 HPs)
             Began as a Spriggan Hunter on Feb 4, 2024.
             Slain by Pikel
             ... wielding a +1 whip of flaming
              (3 damage)
             ... on level 4 of the Dungeon.
             The game lasted 00:00:06 (1889 turns).

qw the Shooter (Spriggan Hunter)                    Turns: 1889, Time: 00:00:07

Health: -2/23      AC:  4    Str:  7    XL:     4   Next: 82%
Magic:  5/5        EV: 20    Int: 10    God:
Gold:   106        SH:  5    Dex: 20    Spells: 3/3 levels left

rFire   . . .        a - +0 shortbow (freeze)
rCold   . . .        (shield currently unavailable)
rNeg    . . .        c - +0 robe
rPois   .            (helmet restricted)
rElec   .            e - +1 cloak
rCorr   .            (gloves unavailable)
SInv    +            (boots unavailable)
Will    .....        f - amulet of reflection
Stlth   ++           (no ring)
HPRegen 0.23/turn    (no ring)
MPRegen 0.09/turn

%: reflection
@: very quick
A: very small, no large weapons, unfitting armour, see invisible, speed 3
a: no special abilities


You were on level 4 of the Dungeon.
You visited 1 branch of the dungeon, and saw 4 of its levels.

You collected 106 gold pieces.


Innate Abilities, Weirdness & Mutations

You are very small and have problems with some larger weapons.
You are too small for most types of armour.
You have supernaturally acute eyesight. (SInv)
You cover ground extremely quickly. (Speed+++)


   Skills:
 - Level 2.1 Fighting
 + Level 5.0 Ranged Weapons
 - Level 5.0 Dodging
 - Level 1.5 Stealth


You had 3 spell levels left.
You didn't know any spells.
Your spell library was empty.

Inventory:

Hand Weapons
 a - a +0 shortbow of freezing (weapon)
Armour
 c - a +0 robe (worn)
 e - a +1 cloak (worn)
Jewellery
 f - an amulet of reflection (around neck)
Scrolls
 j - a scroll of teleportation
Potions
 d - a potion of heal wounds
 k - a potion of enlightenment {unknown}

Dungeon Overview and Level Annotations

Branches:
Dungeon (4/15)
 Temple: D:4-7

Altars:

Shops:
D:2 =

Annotations:
D:4 Pikel


Message History

You shoot an arrow. The arrow completely misses the lemure.
The arrow barely misses the lemure.
The arrow hits the lemure.
The arrow freezes the lemure.
The lemure is lightly wounded.
The lemure misses you.
You shoot an arrow. The arrow hits the lemure.
The arrow freezes the lemure.
The lemure is moderately wounded.
The lemure hits you but does no damage.
You shoot an arrow. The arrow closely misses the lemure.
The arrow hits the lemure.
The arrow freezes the lemure.
The lemure is lightly wounded.
The lemure closely misses you. You block the lemure's attack.
You shoot an arrow. The arrow hits the lemure!
The arrow freezes the lemure.
The lemure is heavily wounded.
Pikel is no longer paralysed.
You shoot an arrow. The arrow hits Pikel.
The arrow freezes Pikel.
Pikel is lightly wounded.
You shoot an arrow. The arrow barely misses Pikel.
The arrow closely misses the lemure.
The arrow hits the lemure but does no damage.
The lemure is lightly wounded.
Pikel hits you with a +1 whip of flaming.
Pikel burns you.
You shoot an arrow. The arrow barely misses Pikel.
The arrow hits the lemure!
The arrow freezes the lemure.
The lemure is heavily wounded.
You block Pikel's attack.
You shoot an arrow. The arrow closely misses Pikel.
The arrow closely misses the lemure.
You block Pikel's attack.
You shoot an arrow. The arrow closely misses Pikel.
The arrow closely misses the lemure.
Pikel hits you with a +1 whip of flaming.
Pikel burns you. Pikel closely misses you.
You shoot an arrow. The arrow hits Pikel.
The arrow freezes Pikel.
Pikel is moderately wounded.
Pikel hits you with a +1 whip of flaming.
Pikel burns you.
You die...
Pikel says, "Another soul for the market."

#... .>)#
#.)# #..#
#..# . 55#
..#K# #.#@#
#.#.#
##.#.#
#....#
###....##
#.......#
###.......#
..........#
#####...###


You could see Pikel and 2 lemures.

Vanquished Creatures
  A lemure (D:4)
  Ijyb (D:3)
  An orc wizard (D:4)
  3 adders
  2 orcs (D:4)
  8 bats
  5 endoplasms
  5 giant cockroaches
  2 goblins (D:1)
  5 quokkas
  2 ball pythons
  2 frilled lizards
  5 kobolds
  8 rats
50 creatures vanquished.

Notes
Turn   | Place    | Note
-------+----------+-------------------------------------------
     0 | D:1      | qw the Spriggan Hunter began the quest for the Orb.
     0 | D:1      | Reached XP level 1. HP: 10/10 MP: 2/2
     0 | D:1      | 0 ||| qw: Version: 0.3-a-160-g6735b56
     0 | D:1      | 0 ||| qw: Game counter: 4970
     0 | D:1      | 0 ||| qw: Melee chars always use a shield: true
     0 | D:1      | 0 ||| qw: God list: Okawaru
     0 | D:1      | 0 ||| qw: Allow faded altars: false
     0 | D:1      | 0 ||| qw: Do Orc after clearing Dungeon:15 true
     0 | D:1      | 0 ||| qw: Do second Lair branch before Depths: true
     0 | D:1      | 0 ||| qw: Lair rune preference: random
     0 | D:1      | 0 ||| qw: Goals: Normal
     0 | D:1      | 0 ||| PLANNING D:1-11
    66 | D:1      | Reached skill level 3 in Dodging
   100 | D:1      | Reached XP level 2. HP: 14/14 MP: 3/3
   716 | D:1      | 716 ||| UPGRADING to +1 cloak.
   721 | D:1      | 721 ||| READING scroll labelled NIFOTU KEKKOJ.
   721 | D:1      | 721 ||| BRANDING +0 shortbow.
   722 | D:1      | 722 ||| READING scroll labelled WAMEBR ZAUMP.
   726 | D:1      | 726 ||| DROPPING scroll of butterflies.
   793 | D:2      | Reached XP level 3. HP: 18/18 MP: 4/4
  1126 | D:2      | Found Ommamp's Jewellery Shop.
  1133 | D:2      | 1133 ||| SHOPLISTING +6 ring of dexterity (468 gold, have
                  | 50).
  1133 | D:2      | 1133 ||| SHOPLISTING amulet of regeneration (390 gold, have
                  | 50).
  1133 | D:2      | 1133 ||| SHOPLISTING ring of fire (325 gold, have 50).
  1133 | D:2      | 1133 ||| SHOPLISTING ring of protection from fire (325
                  | gold, have 50).
  1244 | D:2      | 1244 ||| UPGRADING to amulet of guardian spirit.
  1249 | D:2      | 1249 ||| READING scroll labelled OWUUTRE DUCI.
  1250 | D:2      | 1250 ||| READING scroll labelled EPPARYOLUE.
  1250 | D:2      | 1250 ||| IDENTIFYING golden potion
  1594 | D:3      | Noticed Ijyb
  1597 | D:3      | Reached XP level 4. HP: 22/22 MP: 5/5
  1626 | D:3      | Killed Ijyb
  1802 | D:3      | 1802 ||| UPGRADING to amulet of reflection.
  1812 | D:3      | 1812 ||| DROPPING amulet of guardian spirit.
  1813 | D:3      | 1813 ||| DROPPING amulet of the acrobat.
  1853 | D:4      | Noticed a lemure
  1854 | D:4      | Noticed Pikel
  1855 | D:4      | 1855 ||| DRINKING orange potion.
  1856 | D:4      | Noticed a lemure
  1858 | D:4      | 1858 ||| ZAPPING wand of paralysis (6) at 0,-4 (lemure;
                  | floor).
  1858 | D:4      | Noticed a lemure
  1859 | D:4      | 1859 ||| ZAPPING wand of paralysis (5) at 0,-3 (lemure;
                  | floor).
  1860 | D:4      | 1860 ||| ZAPPING wand of paralysis (4) at 0,-2 (lemure;
                  | floor).
  1861 | D:4      | 1861 ||| ZAPPING wand of paralysis (3) at 0,-1 (lemure;
                  | floor).
  1862 | D:4      | Noticed a lemure
  1868 | D:4      | 1868 ||| ZAPPING wand of paralysis (2) at 0,-1 (lemure;
                  | floor).
  1871 | D:4      | Killed a lemure
  1872 | D:4      | 1872 ||| ZAPPING wand of paralysis (1) at -1,-2 (Pikel;
                  | floor).
  1889 | D:4      | HP: 1/23 [Pikel/+1 whip of flaming (6)]
  1889 | D:4      | Slain by Pikel

Levels and vault maps discovered:
D:1:      dpeg_arrival_signposts, layout_basic
D:2:      layout_loops_ring, serial_shops,
          nicolae_shop_competitors_out_of_business
D:3:      wad_pebble_path, layout_basic, uniq_ijyb
D:4:      layout_loops_ring, uniq_pikel, uniq_blork_the_orc

Skill      XL: |  1  2  3  4 |
---------------+-------------+-----
Dodging        | 3 4 5 |  5.0
Ranged Weapons | 5 |  5.0
Fighting       | 2 |  2.1
Stealth        | |  1.5

Action                     |  1- 3 |  4- 6 || total
---------------------------+-------+-------++-------
   Fire: Shortbow          |    84 |    66 ||   150
  Evoke: Wand              |       |     6 ||     6
    Use: Scroll            |     4 |       ||     4
         Potion            |       |     1 ||     1
 Armour: Robe              |     8 |    15 ||    23
  Dodge: Dodged            |    22 |    21 ||    43
  Block: Other             |       |     4 ||     4
         Reflection        |       |     1 ||     1

Table legend:
 A = Non-vault XP
 B = Vault XP
 C = Vault XP percentage of total XP
 D = Non-vault monster count
 E = Vault monster count
 F = Vault count percentage of total count
                 A         B        C        D         E       F
            +---------+---------+-------+---------+---------+-------
      Total |     143 |      36 |  20.1 |      48 |       1 |   2.0
            +---------+---------+-------+---------+---------+-------
        D:1 |      38 |       0 |   0.0 |      25 |       0 |   0.0
        D:2 |      45 |       0 |   0.0 |      14 |       0 |   0.0
        D:3 |      19 |      36 |  65.5 |       6 |       1 |  14.3
        D:4 |      41 |       0 |   0.0 |       3 |       0 |   0.0
            +---------+---------+-------+---------+---------+-------
